 Dungeon Crawl Stone Soup version 0.31-a0-236-g9a0961fb85 (webtiles) character file.

Game seed: 17515347492979430958

265 Anon1729 the Trooper (level 5, 0/47 HPs)
             Began as a Minotaur Monk on July 10, 2023.
             Splashed by a jelly's acid (12 damage)
             ... on level 4 of the Dungeon.
             The game lasted 00:01:11 (3441 turns).

Anon1729 the Trooper (Minotaur Monk)                Turns: 3441, Time: 00:01:11

Health: 0/47       AC: -8    Str: 15    XL:     5   Next: 99%
Magic:  5/5        EV: 13    Int:  7    God:
Gold:   158        SH:  0    Dex: 15    Spells: 4/4 levels left

rFire   . . .        a - +0 short sword
rCold   . . .        d - orb {light}
rNeg    . . .        b - +0 robe
rPois   .            (helmet restricted)
rElec   .            (no cloak)
rCorr   .            (no gloves)
SInv    .            e - +0 pair of boots
Will    .....        (no amulet)
Stlth   +            (no ring)
HPRegen 0.27/turn    (no ring)
MPRegen 0.09/turn

%: no passive effects
@: confused, ambrosia-drunk, corroded, glowing
A: horns 2, retaliatory headbutt
a: no special abilities


You were on level 4 of the Dungeon.
You visited 1 branch of the dungeon, and saw 4 of its levels.

You collected 158 gold pieces.

Inventory:

Hand Weapons
 a - a +0 short sword (weapon)
Armour
 b - a +0 robe (worn)
 d - an orb of light (worn)
 e - a +0 pair of boots (worn)
Scrolls
 f - 3 scrolls of identify {unknown}
 i - a scroll of brand weapon {unknown}
 j - a scroll of blinking {unknown}
 k - a scroll of immolation {unknown}
 l - a scroll of amnesia {unknown}
 m - a scroll of fear {unknown}
 n - a scroll of teleportation {unknown}
 o - a scroll of silence {unknown}
 q - a scroll of poison {unknown}
Potions
 g - a potion of might {unknown}
 h - a potion of heal wounds
 p - a potion of brilliance {unknown}
 r - a potion of degeneration {unknown}
 s - a potion of mutation {unknown}
 t - a potion of curing {unknown}


   Skills:
 + Level 4.7 Fighting
 + Level 4.2 Short Blades
 + Level 2.5 Armour
 + Level 4.2 Dodging
 + Level 1.9 Stealth
 + Level 2.0 Invocations


You had 4 spell levels left.
You didn't know any spells.
Your spell library contained the following spells:

 Spells                   Type           Power      Damage    Failure   Level
 Freeze                   Ice            0%         1d3       43%         1
 Necrotise                Necr           0%         1d4       43%         1
 Frozen Ramparts          Ice            0%         1d1       80%         3
 Hailstorm                Conj/Ice       0%         3d3       80%         3
 Vampiric Draining        Necr           0%         2d6       80%         3
 Volatile Blastmotes      Fire/Tloc      0%         2d10      80%         3
 Fulminant Prism          Conj/Hex       0%         3d5       99%         4
 Iskenderun's Mystic Bla  Conj/Tloc      0%         2d3       99%         4
 Agony                    Necr           0%         N/A       100%        5
 Lee's Rapid Deconstruct  Erth           0%         3d4*      100%        5


Dungeon Overview and Level Annotations

Branches:
Dungeon (4/15)
 Temple: D:4-7

Altars:
Ashenzari
Fedhas
Nemelex Xobeh

Shops:
D:2 [   D:3 [


Innate Abilities, Weirdness & Mutations

You have a pair of horns on your head.
You reflexively headbutt those who attack you in melee.


Message History

The jelly quivers.
You hit the jelly. The acid corrodes you!
Your hands burn!
The jelly is lightly wounded.
The jelly hits you.
You are splashed with acid.
You hit the jelly. The acid corrodes you!
Your hands burn!
You headbutt the jelly, but do no damage.
The jelly is moderately wounded.
The jelly hits you. The acid corrodes you!
You are splashed with acid!
You are too injured to fight recklessly!
You are too injured to fight recklessly!
You are too injured to fight recklessly!
You are too injured to fight recklessly!
You are too injured to fight recklessly!
You are too injured to fight recklessly!
You are too injured to fight recklessly!
You are too injured to fight recklessly!
You are too injured to fight recklessly!
You are too injured to fight recklessly!
You are too injured to fight recklessly!
You are too injured to fight recklessly!
You are too injured to fight recklessly!
You are too injured to fight recklessly!
You are too injured to fight recklessly!
You are too injured to fight recklessly!
You are too injured to fight recklessly!
You are too injured to fight recklessly!
You are too injured to fight recklessly!
You hit the jelly.
Your hands burn!
The jelly is heavily wounded.
You hit the jelly but do no damage.
Your hands burn!
* * * LOW HITPOINT WARNING * * *
The jelly is heavily wounded.
The jelly barely misses you.
You aren't carrying any items that you can evoke.
Unknown command.
You are confused.
You feel invigorated. The jelly hits you.
* * * LOW HITPOINT WARNING * * *
The acid corrodes you!
You are splashed with acid!
You die...

#..............
#.....########.........
#..........###.........
##..... #...........#.#
.>.....####.#...####....
..............#.####....
..............#.#.......
.....................#..
..<...J@..........####..
.####.#...###.....# ##.
.. #...# #.....# #. ...
#...# #.....#####. ...
..... ........... ..
....... .########. .
......### #. ......## ##


You could see a jelly.

Vanquished Creatures
  A scorpion (D:4)
  A hound (D:4)
  An orc priest (D:3)
  2 orc wizards
  Robin (D:3)
  2 adders (D:3)
  3 dart slugs
  6 orcs
  5 bats
  5 endoplasms
  4 giant cockroaches
  4 goblins
  9 hobgoblins
  3 quokkas
  4 ball pythons
  3 frilled lizards
  4 kobolds
  4 rats (D:1)
62 creatures vanquished.

Notes
Turn   | Place    | Note
-------+----------+-------------------------------------------
     0 | D:1      | Anon1729 the Minotaur Monk began the quest for the Orb.
     0 | D:1      | Reached XP level 1. HP: 19/19 MP: 0/0
   259 | D:1      | Reached XP level 2. HP: 27/27 MP: 1/1
   355 | D:1      | Found a faded altar of an unknown god.
   440 | D:1      | Reached skill level 1 in Armour
   829 | D:2      | Found Plog's Antique Armour Boutique.
  1238 | D:2      | Reached XP level 3. HP: 33/33 MP: 2/2
  1503 | D:3      | Found a sparkling altar of Nemelex Xobeh.
  1556 | D:3      | Found a blossoming altar of Fedhas.
  1556 | D:3      | Found a broken altar of Ashenzari.
  1600 | D:3      | Reached skill level 1 in Invocations
  1645 | D:3      | Reached skill level 1 in Stealth
  1655 | D:3      | Reached XP level 4. HP: 39/40 MP: 3/3
  1828 | D:3      | Noticed Robin
  1851 | D:3      | Killed Robin
  1979 | D:3      | Found Juleut's Antique Armour Shoppe.
  2721 | D:4      | Reached XP level 5. HP: 38/47 MP: 5/5
  3441 | D:4      | Splashed by a jelly's acid

Illustrated notes

Levels and vault maps discovered:
D:1:      dpeg_arrival_oval, layout_basic, ebering_ecumenical_altar_webs,
          serial_corexii_hall, corexii_hall_statues_i,
          chequers_hall_statues_corner_a
D:2:      layout_loops_ring, serial_shops, nicolae_shop_statue_plus,
          minivault_24, st_stairs_8
D:3:      layout_basic, nemelex_diamond_rough_becter, minitemple, serial_shops,
          shop, nicolae_figureground_sparkle, uniq_robin
D:4:      layout_basic

Skill      XL: |  1  2  3  4  5 |
---------------+----------------+-----
Armour         | 1 2 |  2.5
Fighting       | 4 |  4.7
Invocations    | 1 2 |  2.0
Stealth        | 1 |  1.9
Short Blades   | 4 |  4.2
Dodging        | 4 |  4.2

Action                     |  1- 3 |  4- 6 || total
---------------------------+-------+-------++-------
  Melee: Short sword       |    65 |   113 ||   178
         Headbutt          |    10 |    26 ||    36
    Use: Potion            |     1 |     1 ||     2
 Armour: Robe              |    15 |    19 ||    34
  Dodge: Dodged            |    42 |    51 ||    93

Table legend: (Time is in decaauts)
 A = Elapsed time spent in this place.
 B = Non-inter-level travel time spent in this place.
 C = Inter-level travel time spent in this place.
 D = Time resting spent in this place.
 E = Time spent auto-exploring this place.
 F = Levels seen in this place.
 G = Mean time per level.
                   A        B        C        D        E       F      G
               +--------+--------+--------+--------+--------+-----+--------+
         Total |   3406 |   3241 |    165 |    180 |   2724 |   4 |  851.5 |
       Dungeon |   3406 |   3241 |    165 |    180 |   2724 |   4 |  851.5 |
               +--------+--------+--------+--------+--------+-----+--------+

Top non-repeatable levels by time:
     D:3: 1253 daAuts
     D:1: 745 daAuts
     D:4: 715 daAuts
     D:2: 693 daAuts
